 Dungeon Crawl Stone Soup version 0.19-a0-831-gce7da8b (webtiles) character file.

61024 nubinia the Lord of Darkness (level 14, -7/100 HPs)
             Began as a Demonspawn Necromancer on June 28, 2016.
             Was the Champion of Kikubaaqudgha.
             Mangled by a demonic crawler (8 damage)
             ... on level 1 of the Spider Nest on June 30, 2016.
             The game lasted 03:32:59 (23726 turns).

nubinia the Lord of Darkness (DsNe)                Turns: 23726, Time: 03:33:01

Health: -7/100     AC: 10    Str: 15    XL:     14   Next: 59%
Magic:  0/39       EV: 26    Int: 21    God:    Kikubaaqudgha [******]
Gold:   1087       SH:  6    Dex: 19    Spells: 9 memorised, 5 levels left

rFire  . . .     SeeInvis +     X - +9 staff of Olgreb {rPois}
rCold  + + .     Gourm    .     t - +1 robe "Nosu" {Str+7}
rNeg   . . .     Faith    +     u - +0 buckler
rPois  ∞         Spirit   +     (helmet unavailable)
rElec  +         Dismiss  .     e - +2 cloak of Starlight {rElec rC+ EV+4 Stlth--}
rCorr  .         Reflect  .     H - +0 pair of gloves
SustAt .         Harm     .     v - +0 pair of boots
MR     +....     Clarity  +     a - amulet of faith
Stlth  +++.......               o - ring "Xuohioxt" {+Blink Stlth+}
                                h - ring of magical power

@: very slightly contaminated, studying Hexes, somewhat resistant to hostile
enchantments, fairly stealthy
A: antennae 3, hooves 1, slimy green scales 2, see invisible, agile 2, clarity,
cold resistance 1, deformed body, poison resistance, powered by death 1, magic
shield, magic regeneration
a: Receive Corpses, Torment, Renounce Religion, Evoke Blink


You were on level 1 of the Spider Nest.
You worshipped Kikubaaqudgha.
Kikubaaqudgha was exalted by your worship.
You were near starving.

You visited 5 branches of the dungeon, and saw 20 of its levels.
You also visited: Ice Cave.

You collected 1943 gold pieces.
You spent 856 gold pieces at shops.

Inventory:

Hand Weapons
 b - a +0 blowgun
 q - a +5 flail of protection
 X - the +9 staff of Olgreb (weapon) {rPois}
   (You found it on level 2 of the Lair of Beasts)

   It protects you from poison.
Missiles
 D - 34 poisoned needles
Armour
 e - the +2 cloak of Starlight (worn) {rElec rC+ EV+4 Stlth--}
   (You acquired it on level 5 of the Lair of Beasts)

   It affects your evasion (+4).
   It protects you from cold.
   It insulates you from electricity.
   It makes you much less stealthy.
 j - the +1 robe of Salvation {MR+ Int+3}
   (You bought it in a shop on level 7 of the Dungeon)

   It affects your intelligence (+3).
   It affects your resistance to hostile enchantments.
 t - the +1 robe "Nosu" (worn) {Str+7}
   (You bought it in a shop on level 7 of the Dungeon)

   It affects your strength (+7).
 u - a +0 buckler (worn)
 v - a +0 pair of boots (worn)
 H - a +0 pair of gloves (worn)
Jewellery
 a - an amulet of faith (around neck)
 f - an uncursed ring of flight
 h - a ring of magical power (left hand)
 i - an uncursed ring of wizardry
 l - an uncursed ring of positive energy
 o - the ring "Xuohioxt" (right hand) {+Blink Stlth+}
   (You bought it in a shop on level 2 of the Orcish Mines)

   [ring of stealth]

   It lets you blink.
   It makes you more stealthy.
 A - an uncursed ring of positive energy
Wands
 k - a wand of iceblast (7/15)
 p - a wand of iceblast (8/15)
 x - a wand of iceblast (8/15)
 y - a wand of disintegration (17/24)
 G - a wand of iceblast (8/15)
 I - a wand of slowing (15/48)
 M - a wand of lightning (6/15)
 T - a wand of lightning (7/15)
 U - a wand of flame (0/48)
 V - a wand of digging (12/24)
 Z - a wand of lightning (5/15)
Scrolls
 B - a scroll of recharging
 N - a scroll of teleportation
 P - 3 scrolls of magic mapping
 R - 5 scrolls of remove curse
Potions
 m - a potion of might
 n - 2 potions of berserk rage
 s - a potion of ambrosia
 z - 6 potions of curing
 E - a potion of brilliance {unknown}
 J - a potion of cure mutation
 K - a potion of cancellation
 Q - a potion of agility
 Y - 2 potions of flight
Books
 g - a manual of Hexes
 F - Kikubaaqudgha's Papyrus of Evil
   (Kikubaaqudgha gifted it to you on level 3 of the Dungeon)

   Spells                             Type                      Level
   a - Animate Skeleton               Necromancy                   1
   b - Corpse Rot                     Necromancy                   2
   c - Sublimation of Blood           Necromancy                   2
   d - Vampiric Draining              Necromancy                   3
   e - Control Undead                 Necromancy                   4
 O - Kikubaaqudgha's Reference Book on Darkness
   (Kikubaaqudgha gifted it to you on level 2 of the Lair of Beasts)

   Spells                             Type                      Level
   a - Excruciating Wounds            Charms/Necromancy            5
   b - Bolt of Draining               Conjuration/Necromancy       5
   c - Agony                          Necromancy                   5
   d - Cigotuvi's Embrace             Necromancy                   5
   e - Dispel Undead                  Necromancy                   5
 S - a Necronomicon

   Spells                             Type                      Level
   a - Haunt                          Necromancy/Summoning         7
   b - Borgnjor's Revivification      Necromancy                   8
   c - Death's Door                   Charms/Necromancy            8
   d - Infestation                    Necromancy                   8
   e - Necromutation                  Transmutation/Necromancy     8
Comestibles
 c - 12 bread rations
 r - 8 meat rations
 W - 11 fruits


   Skills:
 + Level 6.2 Fighting
   Level 3.7 Short Blades
 + Level 4.2 Staves
 + Level 0.6 Throwing
 + Level 11.8 Dodging
 + Level 6.6 Stealth
 + Level 4.9 Shields
 + Level 12.1 Spellcasting
 + Level 3.7 Conjurations
 + Level 0.5 Charms
 + Level 14.6 Necromancy
 + Level 2.2 Evocations


You had 5 spell levels left.
You knew the following spells:

 Your Spells              Type           Power        Failure   Level  Hunger
a - Bolt of Draining      Conj/Necr      ######....   3%          5    ####...
b - Vampiric Draining     Necr           ######....   1%          3    None
c - Control Undead        Necr           ######....   1%          4    None
d - Animate Dead          Necr           N/A          1%          4    None
e - Sublimation of Blood  Necr           ######....   1%          2    None
g - Cigotuvi's Embrace    Necr           ######....   1%          5    ####...
h - Dispel Undead         Necr           ######..     1%          5    ####...
R - Regeneration          Chrm/Necr      #####.....   1%          3    None
S - Animate Skeleton      Necr           N/A          0%          1    None


Dungeon Overview and Level Annotations

Branches:
Dungeon (9/15)             Temple (1/1) D:4            Lair (6/6) D:8
  Swamp (0/4) Lair:4       Spider (2/4) Lair:4        Slime (0/5) Lair:5
    Orc (2/2) D:9             Elf (0/3) Orc:2

Altars:
Cheibriados
Dithmenos
Fedhas
Gozag
Hepliaklqana
Kikubaaqudgha
Okawaru
Pakellas
Qazlal
Ru
Sif Muna
Trog
Yredelemnul
The Shining One
Beogh

Shops:
D:7 [*   Orc:2 *(!:

Annotations:
Lair:1 Gastronok, Harold, Urug


Innate Abilities, Weirdness & Mutations

You have a pair of large antennae on your head. (SInv)
You are mostly covered in slimy green scales. (AC +3)
You regenerate a little health from kills.
When hurt, damage is shared between your health and your magic reserves.
You regenerate magic rapidly.
You have large cloven feet.
You have supernaturally acute eyesight. (SInv)
You are very agile. (Dex +4)
You possess an exceptional clarity of mind.
Your flesh is cold resistant. (rC+)
Armour fits poorly on your strangely shaped body.
Your system is resistant to poisons. (rPois)


Message History

As you read the scroll of blinking, it crumbles to dust.
An orb spider comes into view.
The orb spider hisses angrily.
The wolf spider rages. 2 jumping spiders come into view.
The demonic crawler barely misses you. You block the demonic crawler's attack.
The demonic crawler hits you!
* * * LOW HITPOINT WARNING * * *
You block the demonic crawler's attack. The demonic crawler barely misses you.
You block the demonic crawler's attack. The demonic crawler misses you. x3
The wolf spider rages.
The wolf spider barely misses you. The wolf spider completely misses you.
The wolf spider completely misses you. The wolf spider bites you!
* * * LOW HITPOINT WARNING * * *
The demonic crawler hits you.
* * * LOW HITPOINT WARNING * * *
The demonic crawler closely misses you. The demonic crawler hits you!
You die...
Kikubaaqudgha rasps: "You have failed me!
Welcome... death!"

###############
##...#..........
#.........^.....
##.......#######
######.......## #
#...#....#.### #
##.......#### ##
##....@#### #.
#...#.ss# ##
##..##y.## #
#####...###
##########
#......###..#<.#..#
##...s..#..........
##.....#^.........
###..^##.........
##...##...s......


You could see a demonic crawler, a wolf spider (berserk), a moth of wrath and an
orb spider.

Vanquished Creatures
  A ghost moth (Spider:1)
  An emperor scorpion (Spider:1)
  The ghost of Fubayashi the Thaumaturge, a journeyman GrEE of Vehumet (IceCv)
  Nessos (Lair:6)
  The ghost of sergedm the Eclecticist, a journeyman DECj of Vehumet (Lair:6)
  6 hydras
  A death knight (D:9)
  A fire crab (Lair:5)
  The ghost of Aviak the Changer, a novice OpTm (D:6)
  Pikel (D:8)
  3 orc knights
  A hornet (Spider:1)
  A wolf spider (Spider:1)
  An orc sorcerer (Orc:1)
  3 black mambas
  3 elephants (Lair:6)
  Maurice (D:9)
  Psyche (D:9)
  8 spiny frogs
  4 komodo dragons
  7 freezing wraiths (IceCv)
  A demonic crawler (Spider:1)
  A polar bear (Lair:6)
  2 trolls
  A giant leech (Lair:4)
  A jumping spider (Spider:2)
  Prince Ribbit (Lair:1)
  3 boulder beetles
  6 two-headed ogres
  11 blink frogs
  8 spriggans
  Sigmund (D:6)
  5 tarantellas (Spider:1)
  13 redbacks
  19 yaks
  A wyvern (D:8)
  3 basilisks
  3 hippogriffs
  Menkaure (D:5)
  A death yak simulacrum (IceCv)
  2 wargs
  Duvessa (D:6)
  13 porcupines
  5 water moccasins
  8 ice beasts
  A black bear (Lair:2)
  17 orc warriors
  A phantom (D:8)
  A necrophage (D:5)
  2 wasps (Lair:6)
  31 wolves
  An eye of draining (D:9)
  19 ogres
  2 boggarts
  11 crocodiles
  10 centaurs
  A big kobold (D:8)
  Blork the orc (D:5)
  11 giant frogs
  Dowan (D:6)
  A scorpion (D:9)
  2 elephant simulacra (IceCv)
  4 killer bees
  2 lava snakes
  3 electric eels
  4 crimson imps
  A gnoll shaman (D:5)
  8 hounds
  7 orc priests
  5 jellies
  A giant frog skeleton (D:6)
  20 orc wizards
  Jessica (D:7)
  7 iguanas
  5 worker ants
  4 troll simulacra (IceCv)
  A polar bear simulacrum (IceCv)
  7 sheep
  A centaur simulacrum (IceCv)
  A hound zombie (D:7)
  A hound skeleton (D:4)
  11 gnolls
  12 adders
  An ogre simulacrum (IceCv)
  61 river rats
  2 naga simulacra (IceCv)
  3 shadow imps
  13 white imps
  5 oozes
  An adder zombie (D:7)
  An adder skeleton (D:8)
  3 worms
  2 dart slugs (D:1)
  4 giant geckos
  55 orcs
  A ball python (D:4)
  3 giant cockroaches
  8 goblins
  4 hobgoblins
  12 jackals
  12 kobolds
  3 quokkas
  7 bats
  2 giant gecko skeletons (D:4)
  10 giant newts
  10 rats
601 creatures vanquished.

Vanquished Creatures (collateral kills)
  An ice dragon (Lair:5)
  3 hydras
  4 ogre magi (Orc:2)
  A necromancer (IceCv)
  A wolf spider (Spider:1)
  2 elephants (Lair:6)
  A spiny frog (Lair:6)
  3 freezing wraiths (IceCv)
  A rime drake (Lair:6)
  2 demonic crawlers (Spider:1)
  A komodo dragon (Lair:3)
  A jumping spider (Spider:1)
  5 polar bears
  3 blink frogs (Lair:4)
  8 two-headed ogres (Orc:2)
  A boulder beetle (Spider:1)
  5 spriggans (Lair:6)
  6 redbacks (Spider:1)
  2 tarantellas (Spider:1)
  3 basilisks
  4 yaks
  4 hippogriffs
  A hungry ghost (D:7)
  3 water moccasins
  A porcupine (Lair:5)
  A sky beast (D:6)
  2 ice beasts
  A black bear (Lair:6)
  4 orc warriors
  A phantom (D:9)
  A wasp (Lair:6)
  17 ogres
  A boggart (Lair:5)
  6 wolves
  4 crocodiles
  4 giant frogs
  A killer bee (D:4)
  2 crimson imps (D:6)
  2 draconian simulacra (IceCv)
  3 orc priests
  A centaur skeleton (D:8)
  3 orc wizards
  4 iguanas
  A worker ant (D:8)
  A spriggan simulacrum (IceCv)
  2 sheep (Lair:2)
  A centaur simulacrum (IceCv)
  A worker ant zombie (D:5)
  2 gnolls (D:3)
  2 adders
  14 river rats
  5 naga simulacra (IceCv)
  An ogre simulacrum (IceCv)
  11 white imps
  An ooze (D:2)
  An adder zombie (D:5)
  2 worms (D:3)
  A dart slug (D:3)
  A giant gecko (D:4)
  8 orcs
  A bat (D:1)
  A giant cockroach (D:6)
  A goblin (D:1)
  A jackal (D:5)
  2 kobolds (D:8)
  A quokka (D:8)
  2 rats (D:1)
  2 fungi
191 creatures vanquished.

Vanquished Creatures (others)
  3 yaks (Lair:6)
  4 slaves (D:8)
  An orc (D:8)
  2 bushes (D:8)
  17 fungi
  8 plants
35 creatures vanquished.

Grand Total: 827 creatures vanquished

Notes
Turn   | Place    | Note
--------------------------------------------------------------
     0 | D:1      | nubinia the Demonspawn Necromancer began the quest for the Orb.
     0 | D:1      | Reached XP level 1. HP: 13/13 MP: 3/3
    18 | D:1      | Learned a level 1 spell: Animate Skeleton
   207 | D:1      | Gained mutation: When hurt, damage is shared between your health and your magic reserves. [demonic ancestry]
   207 | D:1      | Reached XP level 2. HP: 9/19 MP: 1/5
   847 | D:1      | Gained mutation: You regenerate a little health from kills. [demonic ancestry]
   847 | D:1      | Reached XP level 3. HP: 16/24 MP: 3/6
   852 | D:1      | Learned a level 3 spell: Vampiric Draining
  1010 | D:1      | Reached skill level 5 in Necromancy
  1694 | D:2      | Gained mutation: You are partially covered in slimy green scales. (AC +2) [demonic ancestry]
  1694 | D:2      | Reached XP level 4. HP: 28/30 MP: 5/8
  1927 | D:2      | Learned a level 4 spell: Control Undead
  2126 | D:2      | Reached XP level 5. HP: 31/36 MP: 1/9
  2603 | D:3      | Found a sacrificial altar of Ru.
  3325 | D:3      | Reached skill level 6 in Necromancy
  3788 | D:4      | Reached XP level 6. HP: 42/42 MP: 11/11
  3823 | D:4      | Found a staircase to the Ecumenical Temple.
  3846 | Temple   | Entered the Ecumenical Temple
  3865 | Temple   | Became a worshipper of Kikubaaqudgha
  3937 | D:5      | Entered Level 5 of the Dungeon
  4061 | D:5      | Reached skill level 1 in Fighting
  4072 | D:5      | Learned a level 4 spell: Animate Dead
  4127 | D:5      | Noticed Menkaure
  4221 | D:5      | Noticed Blork the orc
  4631 | D:4      | Reached XP level 7. HP: 47/48 MP: 13/13
  4712 | D:4      | Reached skill level 1 in Short Blades
  4943 | D:3      | Reached * piety under Kikubaaqudgha
  4943 | D:3      | Received a gift from Kikubaaqudgha
  4944 | D:3      | Identified Kikubaaqudgha's Papyrus of Evil (Kikubaaqudgha gifted it to you on level 3 of the Dungeon)
  5404 | D:4      | Reached skill level 7 in Necromancy
  5858 | D:5      | Killed Blork the orc
  5858 | D:5      | Reached skill level 5 in Spellcasting
  6242 | D:5      | Reached XP level 8. HP: 40/55 MP: 15/15
  6471 | D:6      | Noticed Sigmund
  6526 | D:7      | Found Saru's Magic Scroll Boutique.
  6571 | D:7      | Noticed Jessica
  6649 | D:7      | Killed Jessica
  6655 | D:7      | Found a deep blue altar of Sif Muna.
  6772 | D:7      | Learned a level 2 spell: Sublimation of Blood
  6781 | D:7      | Learned a level 3 spell: Regeneration
  6977 | D:7      | Found Nouwkioxa's Antique Armour Shoppe.
  7162 | D:7      | Bought a faintly glowing robe for 148 gold pieces
  7162 | D:7      | Bought a runed cloak for 117 gold pieces
  7172 | D:7      | Identified the +1 robe of Salvation {MR+ Int+3} (You bought it in a shop on level 7 of the Dungeon)
  7193 | D:7      | Reached skill level 8 in Necromancy
  7518 | D:7      | Found Umim's Assorted Antiques.
  7670 | D:7      | Gained mutation: Your system is resistant to poisons. (rPois) [potion of mutation]
  7670 | D:7      | Gained mutation: Your flesh is cold resistant. (rC+) [potion of mutation]
  7670 | D:7      | Gained mutation: You are agile. (Dex +2) [potion of mutation]
  7671 | D:7      | Gained mutation: You possess an exceptional clarity of mind. [potion of beneficial mutation]
  7823 | D:8      | Gained mutation: You are mostly covered in slimy green scales. (AC +3) [demonic ancestry]
  7823 | D:8      | Reached XP level 9. HP: 61/62 MP: 18/18
  7848 | D:8      | Noticed Pikel
  7904 | D:8      | Killed Pikel
  7904 | D:8      | Reached skill level 5 in Dodging
  7938 | D:8      | Reached ** piety under Kikubaaqudgha
  8016 | D:8      | Got a twisted mace
  8149 | D:8      | Reached skill level 1 in Shields
  8230 | D:8      | Found a staircase to the Lair.
  8259 | D:8      | Reached skill level 9 in Necromancy
  8325 | Lair:1   | Entered Level 1 of the Lair of Beasts
  8511 | Lair:1   | Noticed Harold
  8658 | Lair:1   | Gained mutation: You have a pair of small antennae on your head. [demonic ancestry]
  8658 | Lair:1   | Reached XP level 10. HP: 55/70 MP: 20/20
  8673 | Lair:1   | Noticed Urug
  8685 | Lair:1   | Noticed Gastronok
  8805 | Lair:1   | Noticed Prince Ribbit
  8817 | Lair:1   | Killed Prince Ribbit
  8936 | Lair:1   | You fall through a shaft!
  8937 | Lair:2   | Noticed a black mamba
  9023 | Lair:2   | Noticed a spiny frog
  9033 | Lair:2   | Killed a spiny frog
  9034 | Lair:2   | Noticed a five-headed hydra
  9038 | Lair:2   | Reached skill level 10 in Necromancy
  9054 | Lair:2   | Noticed a spiny frog
 10063 | Lair:1   | Noticed a spiny frog
 10079 | Lair:1   | Killed a spiny frog
 10299 | Lair:2   | Noticed a spiny frog
 10319 | Lair:2   | Killed a spiny frog
 10319 | Lair:2   | Reached *** piety under Kikubaaqudgha
 10319 | Lair:2   | Received a gift from Kikubaaqudgha
 10320 | Lair:2   | Identified Kikubaaqudgha's Reference Book on Darkness (Kikubaaqudgha gifted it to you on level 2 of the Lair of Beasts)
 10327 | Lair:2   | Learned a level 5 spell: Cigotuvi's Embrace
 11006 | Lair:2   | Killed a spiny frog
 11014 | Lair:2   | Noticed a five-headed hydra
 11025 | Lair:2   | Killed a five-headed hydra
 11025 | Lair:2   | Gained mutation: You have a pair of antennae on your head. [demonic ancestry]
 11025 | Lair:2   | Reached XP level 11. HP: 54/76 MP: 2/23
 11371 | Lair:2   | Killed a five-headed hydra
 11501 | Lair:2   | Reached skill level 5 in Stealth
 11501 | Lair:2   | Reached skill level 11 in Necromancy
 11687 | Lair:3   | Identified the +7 mace of Blood-Lust {freeze, *Contam MR+ Str+9} (You found it on level 8 of the Dungeon)
 11735 | Lair:3   | Reached **** piety under Kikubaaqudgha
 11753 | Lair:3   | Noticed a seven-headed hydra
 11761 | Lair:3   | Killed a seven-headed hydra
 11783 | Lair:3   | Gained mutation: Armour fits poorly on your strangely shaped body. [mutagenic glow]
 12253 | Lair:4   | Found a hole to the Spider Nest.
 12354 | Lair:4   | Reached skill level 1 in Staves
 12732 | Lair:4   | Found a staircase to the Swamp.
 12980 | Lair:4   | Noticed an eight-headed hydra
 13221 | Lair:5   | Noticed a fire crab
 13240 | Lair:5   | Found a staircase to the Slime Pits.
 13331 | Lair:5   | Killed a fire crab
 13524 | Lair:5   | Gained mutation: You regenerate magic rapidly. [demonic ancestry]
 13524 | Lair:5   | Reached XP level 12. HP: 57/84 MP: 24/25
 13601 | Lair:5   | Reached ***** piety under Kikubaaqudgha
 13602 | Lair:5   | Reached skill level 12 in Necromancy
 13841 | Lair:5   | Identified a scroll of acquirement
 13906 | Lair:5   | Found a blossoming altar of Fedhas.
 14022 | Lair:5   | Reached skill level 1 in Evocations
 14024 | Lair:5   | Noticed an ice dragon
 14035 | Lair:5   | Killed an ice dragon
 14049 | Lair:5   | Identified Esuont's Compendium of Noxious Aid
 14426 | Lair:6   | Entered Level 6 of the Lair of Beasts
 14705 | Lair:6   | Reached skill level 10 in Spellcasting
 14722 | Lair:6   | Reached skill level 5 in Fighting
 14785 | Lair:5   | Noticed an eight-headed hydra
 15065 | Lair:6   | Noticed Nessos
 15096 | Lair:6   | Noticed a five-headed hydra
 15105 | Lair:6   | Killed Nessos
 15141 | Lair:6   | Noticed a six-headed hydra
 15156 | Lair:6   | HP: 3/86 [spriggan rider/spear (6)]
 15157 | Lair:6   | Reached skill level 10 in Dodging
 15158 | Lair:6   | HP: 1/86 [spriggan/spear (2)]
 15222 | Lair:5   | Noticed a five-headed hydra
 15615 | D:8      | Reached ****** piety under Kikubaaqudgha
 15616 | D:8      | Received a gift from Kikubaaqudgha
 15668 | D:8      | Learned a level 5 spell: Dispel Undead
 15853 | D:6      | Noticed Aviak's ghost (novice OpTm)
 15856 | D:6      | Killed Aviak's ghost
 16030 | D:6      | Noticed Duvessa
 16030 | D:6      | Noticed Dowan
 16049 | D:6      | Killed Duvessa
 16056 | D:6      | Killed Sigmund
 16059 | D:6      | Killed Dowan
 16811 | D:5      | Killed Menkaure
 17322 | D:7      | Bought a steaming robe for 159 gold pieces
 17322 | D:7      | Bought a tapered gold wand for 112 gold pieces
 17332 | D:7      | Identified the cursed +1 robe "Nosu" {Str+7} (You bought it in a shop on level 7 of the Dungeon)
 17333 | D:7      | Bought a scroll labeled QAOKOT ILASA for 28 gold pieces
 17334 | D:7      | Upgraded the game from 0.19-a0-811-gf4045fb to 0.19-a0-821-gf489216
 17583 | D:9      | Noticed a death knight
 17610 | D:9      | Killed a death knight
 17634 | D:9      | Reached skill level 13 in Necromancy
 17805 | D:9      | Reached XP level 13. HP: 91/91 MP: 27/27
 17941 | D:9      | Learned a level 5 spell: Bolt of Draining
 18000 | D:9      | Noticed Maurice
 18248 | D:9      | Found a staircase to the Orcish Mines.
 18248 | D:9      | Noticed Psyche
 18254 | D:9      | Killed Psyche
 18266 | D:9      | Found a roughly hewn altar of Beogh.
 18300 | D:9      | Killed Maurice
 18300 | D:9      | Reached skill level 1 in Conjurations
 18428 | Orc:1    | Entered Level 1 of the Orcish Mines
 19510 | Lair:6   | Noticed sergedm's ghost (journeyman DECj)
 19513 | Lair:6   | Killed sergedm's ghost
 19616 | Lair:6   | Gained mutation: You have supernaturally acute eyesight. (SInv) [potion of beneficial mutation]
 19617 | Lair:6   | Gained mutation: You have large cloven feet. [potion of beneficial mutation]
 20709 | Orc:2    | Entered Level 2 of the Orcish Mines
 20780 | Orc:2    | Found a staircase to the Elven Halls.
 20789 | Orc:2    | Found a frozen archway.
 20868 | IceCv    | Entered an ice cave
 21165 | IceCv    | Gained mutation: You have a pair of large antennae on your head. (SInv) [demonic ancestry]
 21165 | IceCv    | Reached XP level 14. HP: 99/99 MP: 9/29
 21166 | IceCv    | Reached skill level 14 in Necromancy
 21169 | IceCv    | Noticed Fubayashi's ghost (journeyman GrEE)
 21209 | IceCv    | Killed Fubayashi's ghost
 21470 | IceCv    | Found an ancient bone altar of Kikubaaqudgha.
 21788 | Orc:2    | Found Luups's Assorted Antiques.
 21788 | Orc:2    | Found Reovap's Distillery.
 21788 | Orc:2    | Found Yddeiw's Antique Weapon Boutique.
 21788 | Orc:2    | Found Raesemn's Book Emporium.
 21819 | Orc:2    | Bought a faintly glowing steel ring for 165 gold pieces
 21820 | Orc:2    | Bought a bloodstained hand crossbow for 127 gold pieces
 21823 | Orc:2    | Identified the +3 hand crossbow of Annoyance {freeze, rPois Str+4 Dex-2} (You bought it in a shop on level 2 of the Orcish Mines)
 21828 | Orc:2    | Identified the ring "Xuohioxt" {+Blink Stlth+} (You bought it in a shop on level 2 of the Orcish Mines)
 22764 | Spider:1 | Entered Level 1 of the Spider Nest
 22912 | Spider:1 | Noticed a ghost moth
 22918 | Spider:1 | Killed a ghost moth
 23125 | Spider:1 | Gained mutation: You are very agile. (Dex +4) [potion of beneficial mutation]
 23205 | Spider:1 | Noticed an emperor scorpion
 23221 | Spider:1 | Killed an emperor scorpion
 23524 | Spider:1 | Upgraded the game from 0.19-a0-821-gf489216 to 0.19-a0-831-gce7da8b
 23719 | Spider:1 | HP: 5/100 [demonic crawler (10)]
 23726 | Spider:1 | HP: 2/100 [wolf spider (5)]
 23726 | Spider:1 | Mangled by a demonic crawler

Vault maps used:
D:1:      kennysheep_arrival_forest
D:3:      nicolae_ru_sacrificial_ziggurat
D:4:      first_bread, corner_web_ring
D:5:      uniq_menkaure, uniq_blork_the_orc
D:6:      uniq_duvessa, uniq_sigmund
D:7:      serial_shops, shop, kennysheep_mini,
          nicolae_shop_temple_entry_statues_fountains, grunt_ogre_cave, tgw_sif
D:8:      minmay_lair_entry_grove, uniq_pikel
D:9:      minmay_orc_entry_temple_small, kennysheep_potato, uniq_maurice,
          uniq_psyche
Temple:   nicolae_temple_the_god_donut
Lair:1:   small_statue_intersection, serial_bayou_pond_d, serial_bayou_shore_b,
          serial_bayou_shore_b, uniq_urug, uniq_gastronok, uniq_prince_ribbit2,
          uniq_harold
Lair:2:   infiniplex_staircase_pool, lemuel_fruit_tree, serial_bayou_shore_a
Lair:4:   minmay_swamp_entry_worms, dummy_spider_entry, grunt_megastairs_5
Lair:5:   dragon1_lemuel, nicolae_slime_entry_slimehenge, lemuel_centaur_altar,
          grunt_megastairs_1
Lair:6:   minmay_lair_end_enchanted_forest, bh_autumn_forest_stairs,
          lemuel_fruit_fields, uniq_nessos
Spider:2: nicolae_spider_cling_halls, nicolae_spider_cling_ruins
Orc:2:    st_orc_ogre_mass, portal_ice_cave_entry_imps
IceCv:    ice_cave_small_necro

Skill      XL: |  1  2  3  4  5  6  7  8  9 10 11 12 13 14 |
---------------+-------------------------------------------+-----
Dodging        | 2 3 4 6 7 8 10 11 | 11.8
Necromancy     | 5 6 7 8 9 10 11 13 14 | 14.6
Stealth        | 2 3 4 5 6 |  6.6
Spellcasting   | 3 4 5 6 7 8 9 10 11 12 | 12.1
Fighting       | 1 2 3 4 5 6 |  6.2
Short Blades   | 1 2 3 |  3.7
Shields        | 1 2 3 4 |  4.9
Staves         | 1 2 3 4 |  4.2
Evocations     | 1 2 |  2.2
Conjurations   | 3 |  3.7
Throwing       | |  0.6
Charms         | |  0.5

Action                   |  1- 3 |  4- 6 |  7- 9 | 10-12 | 13-15 || total
-------------------------+-------+-------+-------+-------+-------++-------
Melee: Dagger            |    78 |   188 |   397 |    21 |       ||   684
       Mace              |     2 |       |       |     6 |       ||     8
       Short sword       |       |       |   171 |   250 |       ||   421
       Staff             |       |       |       |   714 |   711 ||  1425
 Fire: Blowgun           |       |       |       |     5 |     2 ||     7
 Cast: Animate Skeleton  |    24 |    18 |    10 |    20 |    15 ||    87
       Pain              |    25 |    38 |    30 |    61 |     1 ||   155
       Vampiric Draining |     2 |    13 |    21 |    78 |    40 ||   154
       Animate Dead      |       |     5 |    24 |    63 |    52 ||   144
       Control Undead    |       |     2 |     5 |       |     6 ||    13
       Cigotuvi's Embrac |       |       |       |     3 |     2 ||     5
       Regeneration      |       |       |       |     4 |     5 ||     9
       Dispel Undead     |       |       |       |     4 |    24 ||    28
       Bolt of Draining  |       |       |       |       |    61 ||    61
Invok: Receive Corpses   |       |       |       |     2 |       ||     2
       Receive Necronomi |       |       |       |     1 |       ||     1
 Abil: Evoke Flight      |       |       |       |       |     1 ||     1
Evoke: Wand              |       |       |     6 |    17 |     5 ||    28
       Staff of Olgreb   |       |       |       |    21 |    48 ||    69
       Sack of spiders   |       |       |       |     1 |       ||     1
       Phantom mirror    |       |       |       |     1 |       ||     1
  Use: Scroll            |       |     4 |     9 |    20 |    16 ||    49
       Potion            |       |     1 |     8 |    12 |     5 ||    26
 Stab: Sleeping          |     3 |     8 |    11 |    20 |     1 ||    43
       Distracted        |       |     2 |     3 |     5 |     7 ||    17
       Paralysed         |       |       |       |     3 |       ||     3
  Eat: Chunk             |     4 |    12 |    15 |    25 |    31 ||    87
       Meat ration       |       |       |     2 |       |       ||     2
       Beef jerky        |       |       |     1 |     7 |     3 ||    11
       Pizza             |       |       |     1 |     1 |       ||     2
       Royal jelly       |       |       |     1 |     1 |       ||     2
       Fruit             |       |       |       |       |     2 ||     2
Armor: Robe              |     9 |    39 |   141 |   198 |   125 ||   512
Dodge: Dodged            |    42 |   117 |   348 |  1062 |   880 ||  2449
Block: Buckler           |       |       |    33 |   282 |   201 ||   516
